 Dungeon Crawl Stone Soup version 0.26.0-10-g1f06aea511 (webtiles) character file.

Game seed: 9724364137354725910

144 Dracia the Sneak (level 5, -5/28 HPs)
             Began as a Kobold Enchanter on Jan 18, 2021.
             Slain by Grinder (6 damage)
             ... while paralysed by Grinder
             ... on level 3 of the Dungeon.
             The game lasted 00:05:40 (3295 turns).

Dracia the Sneak (Kobold Enchanter)                 Turns: 3295, Time: 00:05:41

Health: -5/28      AC:  2    Str:  5    XL:     5   Next: 51%
Magic:  8/8        EV:  3    Int: 17    God:
Gold:   137        SH:  0    Dex: 16    Spells: 2/8 levels left

rFire    . . .     SeeInvis .   a - +1 dagger
rCold    . . .     Faith    .   (shield restricted)
rNeg     . . .     Spirit   .   b - +0 robe
rPois    .         Reflect  .   (no helmet)
rElec    .         Harm     .   (no cloak)
rCorr    .         Rampage  .   (no gloves)
Will     .....                  (no boots)
Stlth    ++++......             (no amulet)
HPRegen  0.09/turn              (no ring)
MPRegen  0.11/turn              (no ring)

@: paralysed
A: small, nightstalker 3
a: no special abilities


You were on level 3 of the Dungeon.
You visited 1 branch of the dungeon, and saw 3 of its levels.

You collected 137 gold pieces.


Innate Abilities, Weirdness & Mutations

You are small and have problems with some larger weapons.
You are completely attuned to the shadows.


   Skills:
 * Level 4.9 Short Blades
 - Level 2.4 Dodging
 + Level 5.4 Stealth
 - Level 2.1 Spellcasting
 - Level 3.6 Hexes


You had 2 spell levels left.
You knew the following spells:

 Your Spells              Type           Power        Failure   Level
o - Confusing Touch       Hex            14%          13%         3
x - Ensorcelled Hibernat  Hex/Ice        16%          14%         2
z - Corona                Hex            15%          4%          1

Your spell library contained the following spells:

 Spells                   Type           Power        Failure   Level
 Tukima's Dance           Hex            14%          13%         3
 Dazzling Flash           Conj/Hex       16%          26%         3

Inventory:

Hand Weapons
 a - a +1 dagger (weapon)
Missiles
 k - 9 poisoned darts
Armour
 b - a +0 robe (worn)
Jewellery
 i - an uncursed ring of wizardry {unknown}
Scrolls
 c - 3 scrolls of identify {@r1@r1}
 e - a scroll of magic mapping {unknown}
 g - 2 scrolls of fear {unknown}
 h - a scroll of teleportation {@r4@r4}
 j - a scroll of fog {unknown}
 m - a scroll of noise {unknown}
Potions
 d - 3 potions of curing {@q1@q1}
 f - a potion of lignification {unknown}
 l - a potion of degeneration {unknown}

Dungeon Overview and Level Annotations

Branches:
Dungeon (3/15)

Altars:
The Shining One

Annotations:
D:3 Grinder

.#. ...### ###....#
########### #......#
#..5......# #.......
#...@.....####......#
#....................
#.........####......#
#......>..# #.......
###############..####
......## #. .....##
##. .....####.#
.......##..


You could see Grinder.


Message History

a +0 club; a hobgoblin corpse A giant cockroach comes into view.
A giant cockroach is nearby!
A giant cockroach is nearby!
Found 11 arrows.
The helpless giant cockroach fails to defend itself.
You perforate the giant cockroach like a sieve!!!
You kill the giant cockroach!
Found a ring mail.
You see here a giant cockroach corpse.
Found a scroll labelled HAITHR TOTOMOT.
m - a scroll labelled HAITHR TOTOMOT
Found a stone staircase leading down.
Grinder comes into view.
Grinder shouts!
Grinder hits you!
You writhe in agony.
You hit Grinder but do no damage. Grinder gestures at you.
You suddenly lose the ability to move!
Grinder hits you. x2
* * * LOW HITPOINT WARNING * * *
Grinder hits you.
* * * LOW HITPOINT WARNING * * *
Grinder barely misses you. Grinder hits you.
* * * LOW HITPOINT WARNING * * *
You writhe in agony.
* * * LOW HITPOINT WARNING * * *
Grinder hits you.
You die...

Skill      XL: |  1  2  3  4 |
---------------+-------------+-----
Short Blades   | 2 3 4 |  4.9
Stealth        | 5 |  5.4
Dodging        | |  2.4
Spellcasting   | |  2.1
Hexes          | |  3.6

Action                   |  1- 3 |  4- 6 || total
-------------------------+-------+-------++-------
Melee: Dagger            |    68 |    31 ||    99
 Cast: Corona            |     3 |       ||     3
       Ensorcelled Hiber |     9 |     6 ||    15
  Use: Scroll            |     2 |       ||     2
 Stab: Sleeping          |    18 |    18 ||    36
Armor: Robe              |     6 |     3 ||     9
Dodge: Dodged            |    43 |    11 ||    54

Levels and vault maps discovered:
D:1:      minmay_arrival_four_houses, layout_loops_corners, tso_altar
D:2:      layout_basic
D:3:      layout_rooms, nicolae_overflow_hidden_temple, hex_large, uniq_grinder

Notes
Turn   | Place    | Note
-------+----------+-------------------------------------------
     0 | D:1      | Dracia the Kobold Enchanter began the quest for the Orb.
     0 | D:1      | Reached XP level 1. HP: 10/10 MP: 3/3
   275 | D:1      | Reached skill level 2 in Short Blades
   275 | D:1      | Reached XP level 2. HP: 10/15 MP: 3/5
   886 | D:1      | Learned a level 2 spell: Ensorcelled Hibernation
   946 | D:1      | Reached XP level 3. HP: 9/19 MP: 0/6
  1366 | D:1      | Found a glowing golden altar of the Shining One.
  1876 | D:2      | Reached skill level 3 in Short Blades
  2102 | D:2      | Reached XP level 4. HP: 20/24 MP: 4/7
  2239 | D:2      | Reached skill level 4 in Short Blades
  2239 | D:2      | Reached skill level 5 in Stealth
  2909 | D:2      | Learned a level 3 spell: Confusing Touch
  2947 | D:3      | Reached XP level 5. HP: 28/28 MP: 8/8
  3285 | D:3      | Noticed Grinder
  3289 | D:3      | Paralysed by Grinder for 6 turns
  3294 | D:3      | HP: 1/28 [Grinder (2)]
  3295 | D:3      | Slain by Grinder

Vanquished Creatures
  A hound (D:2)
  6 adders
  An ooze (D:2)
  A worm (D:2)
  A dart slug (D:1)
  3 giant cockroaches
  5 goblins
  8 hobgoblins
  7 jackals
  A quokka (D:2)
  7 bats
  A frilled lizard (D:1)
  5 kobolds
  2 rats
49 creatures vanquished.

Table legend: (Time is in decaauts)
 A = Elapsed time spent in this place.
 B = Non-inter-level travel time spent in this place.
 C = Inter-level travel time spent in this place.
 D = Time resting spent in this place.
 E = Time spent auto-exploring this place.
 F = Levels seen in this place.
 G = Mean time per level.
                   A        B        C        D        E       F      G
               +--------+--------+--------+--------+--------+-----+--------+
         Total |   3280 |   3192 |     88 |    604 |   2307 |   3 | 1093.3 |
       Dungeon |   3280 |   3192 |     88 |    604 |   2307 |   3 | 1093.3 |
               +--------+--------+--------+--------+--------+-----+--------+

Top non-repeatable levels by time:
     D:1: 1670 daAuts
     D:2: 1261 daAuts
     D:3: 348 daAuts

Table legend:
 A = Non-vault XP
 B = Vault XP
 C = Vault XP percentage of total XP
 D = Non-vault monster count
 E = Vault monster count
 F = Vault count percentage of total count
                 A         B        C        D         E       F
            +---------+---------+-------+---------+---------+-------
      Total |     206 |       0 |   0.0 |      49 |       0 |   0.0
            +---------+---------+-------+---------+---------+-------
        D:1 |      35 |       0 |   0.0 |      19 |       0 |   0.0
        D:2 |      99 |       0 |   0.0 |      16 |       0 |   0.0
        D:3 |      72 |       0 |   0.0 |      14 |       0 |   0.0
            +---------+---------+-------+---------+---------+-------
